 Dungeon Crawl Stone Soup version 0.22-a0-423-g4197694 (webtiles) character file.

45019 inmateoo the Martial Artist (level 13, -2/103 HPs)
             Began as a Demonspawn Venom Mage on May 23, 2018.
             Was a High Priest of Cheibriados.
             Killed from afar by a deep elf annihilator (49 damage)
             ... with a crystal spear
             ... on level 1 of the Elven Halls.
             The game lasted 00:27:34 (16981 turns).

inmateoo the Martial Artist (DsVM)                 Turns: 16981, Time: 00:27:35

Health: -2/103     AC: 23    Str: 23    XL:     13   Next: 99%
Magic:  4/19       EV:  6    Int: 34    God:    Cheibriados [*****.]
Gold:   1181       SH:  0    Dex: 29    Spells: 6/16 levels left

rFire    . . .     SeeInvis +     - Unarmed
rCold    . . .     Gourm    .   (no shield)
rNeg     . . .     Faith    .   x - +6 crystal plate armour of Courage {SInv}
rPois    .         Spirit   .   (helmet restricted)
rElec    .         Reflect  .   (no cloak)
rCorr    .         Harm     .   (gloves unavailable)
MR       +....                  (no boots)
Stlth    ..........             (no amulet)
HPRegen  0.27/turn              a - ring of protection from magic
MPRegen  0.16/turn              p - +1 ring of protection

@: corroded, very slow
A: claws 3, hooves 1, horns 2, foul stench 2, spiny 1, rot immunity
a: Bend Time, Temporal Distortion, Slouch, Step From Time, Renounce Religion


You were on level 1 of the Elven Halls.
You worshipped Cheibriados.
Cheibriados was extremely pleased with you.
You were hungry.

You visited 4 branches of the dungeon, and saw 19 of its levels.
You also visited: Sewer and Bailey.

You collected 1451 gold pieces.
You spent 270 gold pieces at shops.

Inventory:

Missiles
 d - 16 javelins (quivered)
 g - 37 tomahawks
 z - 6 silver tomahawks
 B - 5 javelins of returning
Armour
 x - the +6 crystal plate armour of Courage (worn) {SInv}
   (You took it off an orc warrior in a bailey)

   It lets you see invisible.
 y - the +2 ring mail of the Unseen Realm {rC+}
   (You found it on level 7 of the Dungeon)

   It protects you from cold.
 I - the +5 ring mail "Neptanoc" {rN+ Regen+ Dex+4 Stlth-, unknown}
   (You found it on level 14 of the Dungeon)

   It affects your dexterity (+4).
   It protects you from negative energy.
   It increases your rate of regeneration.
   It makes you less stealthy.
Jewellery
 a - a ring of protection from magic (left claw)
 p - a +1 ring of protection (right claw)
 r - an uncursed ring of fire
 F - an uncursed ring of ice
Wands
 f - a wand of polymorph (29)
 l - a wand of iceblast (21)
 q - a wand of paralysis (30)
 G - a wand of disintegration (15)
Scrolls
 k - 9 scrolls of remove curse
 m - 3 scrolls of amnesia
 n - 7 scrolls of enchant armour
 o - 2 scrolls of enchant weapon
 A - a scroll of magic mapping
 C - 3 scrolls of fog
Potions
 b - 2 potions of mutation
 e - 2 potions of lignification
 h - 13 potions of curing
 i - 9 potions of heal wounds
 j - 2 potions of brilliance
 s - 3 potions of flight
 u - 4 potions of might
 v - a potion of resistance
 w - 2 potions of agility
 D - a potion of magic {unknown}
 E - a potion of cancellation
Miscellaneous
 t - a phial of floods (inert)
Comestibles
 c - 20 rations


   Skills:
 - Level 10.0 Fighting
 - Level 5.0 Throwing
 - Level 10.0 Armour
 - Level 1.7 Dodging
 - Level 1.7 Stealth
 * Level 14.0 Unarmed Combat
 - Level 2.0 Spellcasting
 - Level 1.0 Conjurations
 - Level 6.0 Poison Magic
 - Level 9.0 Invocations
 + Level 6.4 Evocations


You had 6 spell levels left.
You knew the following spells:

 Your Spells              Type           Power        Failure   Level  Hunger
a - Sting                 Conj/Pois      ####         65%         1    None
b - Poisonous Vapours     Pois/Air       ###...       85%         2    ##.....
c - Mephitic Cloud        Conj/Pois/Air  ###.....     99%         3    ###....
d - Olgreb's Toxic Radia  Pois           #####...     97%         4    ####...

Your spell library contained the following spells:

 Spells                   Type           Power        Failure   Level  Hunger
 Fireball                 Conj/Fire      #.........   100%        5    ######.
 Conjure Flame            Conj/Fire      #.......     100%        3    ###....
 Lightning Bolt           Conj/Air       #.........   100%        5    ######.
 Throw Flame              Conj/Fire      #.....       99%         2    ##.....
 Venom Bolt               Conj/Pois      ####......   100%        5    ######.
 Sticky Flame             Conj/Fire      #.......     100%        4    ####...
 Shock                    Conj/Air       #...         96%         1    None
 Swiftness                Chrm/Air       #.......     99%         2    ##.....
 Airstrike                Air            #.........   100%        4    ####...
 Flame Tongue             Conj/Fire      #....        96%         1    None
 Static Discharge         Conj/Air       #.......     100%        3    ###....
 Inner Flame              Hex/Fire       #.......     100%        3    ###....


Dungeon Overview and Level Annotations

Branches:
Dungeon (15/15)            Temple (1/1) D:5            Lair (0/6) D:11
    Orc (2/2) D:9             Elf (1/3) Orc:2        Vaults (0/5) D:14
 Depths (0/5) D:15

Altars:
Ashenzari
Cheibriados
Dithmenos
Elyvilon
Gozag
Hepliaklqana
Kikubaaqudgha
Makhleb
Nemelex Xobeh
Okawaru
Ru
Sif Muna
Trog
Uskayaw
Vehumet
Xom
Yredelemnul
Zin
The Shining One
Beogh

Shops:
D:6 !

Annotations:
D:4 Curus's ghost, amateur MfTm


Innate Abilities, Weirdness & Mutations

You have claws for hands.
You have large cloven feet.
You have a pair of horns on your head.
You frequently emit foul miasma when damaged in melee.
You are partially covered in sharp spines.
You are immune to rotting.


Message History

The deep elf knight wields a longbow.
The deep elf knight shoots an arrow.
The arrow hits you.
* * * LOW HITPOINT WARNING * * *
Unknown command.
Unknown command.
Unknown command.
You don't have enough magic at the moment.
Unknown command.
Unknown command.
Unknown command.
You feel much better.
Unknown command.
Unknown command.
Unknown command.
Unknown command.
Unknown command.
The deep elf knight shoots an arrow.
The arrow hits you.
The deep elf annihilator points at you and mumbles some strange words.
The crystal spear hits you!
You die...

...!.....
....... .......
. ..e.. . ...
##...## ...
....#.....#....
..e.....)......
.e.).e.@)..e...
......)).......
..e.#.....#....
.ยง. ##...##
... . ..... .
....).. .......
.........


You could see a deep elf annihilator, 2 deep elf knights and 3 deep elf magi.

Vanquished Creatures
  A sphinx (D:13)
  2 hydras
  7 two-headed ogres
  3 centaur warriors
  A deep troll earth mage (D:13)
  A tengu warrior (D:15)
  Urug (D:14)
  An orc high priest (Orc:2)
  An unseen horror (D:15)
  A deep troll (D:15)
  3 orc knights
  A faun (shapeshifter) (D:13)
  4 ugly things
  3 manticores
  3 deep elf magi
  4 cyclopes
  A gargoyle (D:12)
  A komodo dragon (D:15)
  A freezing wraith (D:15)
  An efreet (D:14)
  A kobold demonologist (D:13)
  A yaktaur (D:13)
  5 trolls
  10 slime creatures
  4 hippogriffs
  A meliai zombie (D:13)
  2 centaur simulacra
  A spriggan (D:9)
  15 yaks
  2 wyverns
  18 humans
  2 basilisks (D:13)
  A water elemental (D:14)
  4 vampire mosquitoes (D:12)
  2 hungry ghosts
  A soldier ant (D:13)
  A warg (Orc:2)
  A water moccasin (D:13)
  An acid dragon (D:13)
  3 black bears
  7 ice beasts
  20 orc warriors
  8 sky beasts
  A phantom (D:7)
  3 eyes of draining
  A necrophage (D:9)
  8 centaurs
  13 ogres
  3 big kobolds
  6 bullfrogs
  A gnoll sergeant (D:11)
  3 wyvern zombies
  5 scorpions
  A wyvern skeleton (D:13)
  35 killer bees
  17 wights
  3 howler monkeys (D:6)
  2 electric eels (D:14)
  2 bullfrog zombies
  8 crimson imps
  5 centaur zombies
  2 quasits (D:7)
  3 centaur skeletons
  2 jellies
  A gnoll shaman (D:6)
  8 hounds
  11 orc wizards
  8 orc priests
  2 bullfrog skeletons (D:10)
  4 iguanas
  9 worker ants
  2 hound skeletons
  5 worker ant zombies
  17 gnolls
  12 adders
  8 river rats (Sewer)
  3 shadow imps
  4 oozes
  2 adder skeletons
  An adder zombie (D:8)
  5 worms
  3 dart slugs
  4 leopard geckos
  81 orcs
  8 ball pythons
  10 bats
  5 giant cockroaches
  8 hobgoblins
  16 jackals
  7 quokkas
  A ball python zombie (D:4)
  7 frilled lizards
  2 giant cockroach zombies (D:4)
  7 goblins
  A jackal zombie (D:4)
  29 kobolds
  2 leopard gecko skeletons (D:4)
  2 leopard gecko zombies (D:4)
  A quokka zombie (D:10)
  42 rats
614 creatures vanquished.

Vanquished Creatures (others)
  An ugly thing (D:12)
  A yak (D:12)
  A sky beast (D:12)
  A centaur (D:12)
  A scorpion (D:12)
  An iguana (D:12)
  An adder (D:12)
  A quokka (D:12)
8 creatures vanquished.

Grand Total: 622 creatures vanquished

Notes
Turn   | Place    | Note
-------+----------+-------------------------------------------
     0 | D:1      | inmateoo the Demonspawn Venom Mage began the quest for the Orb.
     0 | D:1      | Reached XP level 1. HP: 13/13 MP: 3/3
   147 | D:1      | Gained mutation: You are partially covered in sharp spines. [demonic ancestry]
   147 | D:1      | Reached XP level 2. HP: 14/19 MP: 0/5
   359 | D:1      | Learned a level 2 spell: Poisonous Vapours
   395 | D:1      | Reached skill level 1 in Throwing
   431 | D:1      | Gained mutation: You have sharp fingernails. [demonic ancestry]
   431 | D:1      | Reached XP level 3. HP: 11/24 MP: 6/6
   460 | D:1      | Learned a level 3 spell: Mephitic Cloud
  1132 | D:2      | Reached skill level 1 in Unarmed Combat
  1132 | D:2      | Reached XP level 4. HP: 13/31 MP: 7/7
  1593 | D:2      | Reached skill level 1 in Fighting
  1729 | D:2      | Found a sacrificial altar of Ru.
  2298 | D:3      | Found a shadowy altar of Dithmenos.
  2489 | D:3      | Gained mutation: You have large cloven feet. [demonic ancestry]
  2489 | D:3      | Reached XP level 5. HP: 24/37 MP: 8/8
  2627 | D:2      | Found a sacrificial altar of Ru.
  2760 | D:3      | Found a shattered altar of Ashenzari.
  3073 | D:4      | Noticed Curus's ghost (amateur MfTm)
  3125 | D:4      | Reached skill level 2 in Unarmed Combat
  3242 | D:4      | Found a shimmering altar of Xom.
  3457 | D:4      | Gained mutation: You are immune to rotting. [demonic ancestry]
  3457 | D:4      | Reached XP level 6. HP: 40/44 MP: 9/9
  3648 | D:4      | Reached skill level 3 in Unarmed Combat
  3882 | D:5      | Entered Level 5 of the Dungeon
  3945 | D:5      | Gained mutation: You have very sharp fingernails. [demonic ancestry]
  3945 | D:5      | Reached XP level 7. HP: 21/51 MP: 10/10
  4110 | D:5      | Found a staircase to the Ecumenical Temple.
  4131 | Temple   | Entered the Ecumenical Temple
  4148 | Temple   | Became a worshipper of Cheibriados the Contemplative
  4363 | D:5      | Learned a level 4 spell: Olgreb's Toxic Radiance
  4757 | D:6      | Reached skill level 4 in Unarmed Combat
  4757 | D:6      | Reached skill level 5 in Poison Magic
  4769 | D:6      | Found a glowing silver altar of Zin.
  4798 | D:6      | Identified a scroll of acquirement
  4815 | D:6      | Found Jeplynew's Distillery.
  4821 | D:6      | Bought a potion of heal wounds for 50 gold pieces
  4821 | D:6      | Bought a potion of curing for 30 gold pieces
  4821 | D:6      | Bought a potion of curing for 30 gold pieces
  4821 | D:6      | Bought a potion of curing for 30 gold pieces
  4821 | D:6      | Bought a potion of lignification for 30 gold pieces
  4821 | D:6      | Bought a potion of curing for 30 gold pieces
  4821 | D:6      | Bought a potion of curing for 30 gold pieces
  4821 | D:6      | Bought a potion of brilliance for 40 gold pieces
  4949 | D:6      | Found a sparkling altar of Nemelex Xobeh.
  4950 | D:6      | Found a burning altar of Makhleb.
  4953 | D:6      | Found a sacrificial altar of Ru.
  4953 | D:6      | Found a deep blue altar of Sif Muna.
  4964 | D:6      | Reached * piety under Cheibriados
  4964 | D:6      | Gained mutation: You have a pair of small horns on your head. [demonic ancestry]
  4964 | D:6      | Reached XP level 8. HP: 46/58 MP: 6/11
  5210 | D:6      | Reached skill level 5 in Throwing
  5219 | D:6      | Found a glowing drain.
  5231 | Sewer    | Entered a sewer
  5346 | Sewer    | Reached ** piety under Cheibriados
  5494 | Sewer    | Reached skill level 5 in Unarmed Combat
  5703 | D:6      | Reached *** piety under Cheibriados
  5815 | D:7      | Found a white marble altar of Elyvilon.
  5845 | D:7      | Reached skill level 1 in Invocations
  5866 | D:7      | Reached skill level 6 in Unarmed Combat
  6038 | D:7      | Gained mutation: You may emit foul miasma when damaged in melee. [demonic ancestry]
  6038 | D:7      | Reached XP level 9. HP: 44/66 MP: 12/12
  6177 | D:7      | Found an ancient bone altar of Kikubaaqudgha.
  6263 | D:7      | Found a bloodstained altar of Trog.
  6271 | D:7      | Reached skill level 5 in Fighting
  6350 | D:7      | Reached **** piety under Cheibriados
  6390 | D:7      | Reached skill level 7 in Unarmed Combat
  6518 | D:7      | Got a bronze ring mail
  6529 | D:7      | Identified the +2 ring mail of the Unseen Realm {rC+} (You found it on level 7 of the Dungeon)
  6860 | D:8      | Reached skill level 5 in Invocations
  7073 | D:8      | Reached skill level 8 in Unarmed Combat
  7157 | D:8      | Found a flagged portal.
  7165 | Bailey   | Entered a bailey
  7586 | Bailey   | Reached ***** piety under Cheibriados
  7700 | Bailey   | Noticed an orc knight
  7700 | Bailey   | Noticed an orc knight
  7710 | Bailey   | Killed an orc knight
  7710 | Bailey   | Gained mutation: You frequently emit foul miasma when damaged in melee. [demonic ancestry]
  7710 | Bailey   | Reached XP level 10. HP: 76/76 MP: 10/15
  7778 | Bailey   | Killed an orc knight
  7778 | Bailey   | Reached skill level 9 in Unarmed Combat
  7960 | Bailey   | Got a dazzling crystal plate armour
  7972 | Bailey   | Identified the +6 crystal plate armour of Courage {SInv} (You took it off an orc warrior in a bailey)
  8241 | D:8      | Reached skill level 1 in Armour
  8479 | D:8      | Noticed a two-headed ogre
  8487 | D:8      | Killed a two-headed ogre
  9077 | D:9      | Found an opulent altar of Gozag.
  9087 | D:9      | Reached skill level 10 in Unarmed Combat
  9209 | D:9      | Found a roughly hewn altar of Beogh.
  9240 | D:9      | Reached ****** piety under Cheibriados
  9345 | D:9      | Found an iron altar of Okawaru.
  9480 | D:9      | Reached XP level 11. HP: 83/83 MP: 16/16
  9571 | D:9      | Found a staircase to the Orcish Mines.
  9682 | D:10     | Entered Level 10 of the Dungeon
  9699 | D:10     | Noticed a two-headed ogre
  9711 | D:10     | Killed a two-headed ogre
  9712 | D:10     | Reached skill level 5 in Armour
  9958 | D:10     | Reached skill level 11 in Unarmed Combat
 10839 | D:11     | Noticed a two-headed ogre
 10850 | D:11     | Killed a two-headed ogre
 10867 | D:11     | Gained mutation: You have claws for hands. [demonic ancestry]
 10867 | D:11     | Reached XP level 12. HP: 26/93 MP: 17/17
 11289 | D:11     | Found a staircase to the Lair.
 11608 | D:12     | Noticed a two-headed ogre
 11620 | D:12     | Killed a two-headed ogre
 11623 | D:12     | Reached skill level 1 in Evocations
 11708 | D:12     | Noticed a two-headed ogre
 11712 | D:12     | Killed a two-headed ogre
 11938 | D:12     | Found a shimmering altar of Xom.
 12007 | D:12     | Reached skill level 12 in Unarmed Combat
 12321 | D:13     | Noticed a centaur warrior
 12328 | D:13     | Killed a centaur warrior
 13086 | D:13     | Noticed a sphinx
 13086 | D:13     | Noticed a deep troll earth mage
 13090 | D:13     | Noticed an ettin
 13102 | D:13     | Killed a deep troll earth mage
 13109 | D:13     | Killed a sphinx
 13692 | D:13     | Gained mutation: You have a pair of horns on your head. [demonic ancestry]
 13692 | D:13     | Reached XP level 13. HP: 101/101 MP: 19/19
 13917 | D:14     | Found a gate to the Vaults.
 13917 | D:14     | Noticed Urug
 13927 | D:14     | Killed Urug
 14028 | D:14     | Got a pitted ring mail
 14544 | D:14     | Reached skill level 13 in Unarmed Combat
 14921 | D:15     | Entered Level 15 of the Dungeon
 15298 | D:15     | Reached skill level 10 in Armour
 15462 | D:15     | Reached skill level 5 in Evocations
 15623 | D:15     | Reached skill level 10 in Fighting
 15849 | D:15     | Noticed an ettin
 16369 | D:15     | Found a staircase to the Depths.
 16797 | Orc:1    | Entered Level 1 of the Orcish Mines
 16883 | Orc:2    | Entered Level 2 of the Orcish Mines
 16923 | Orc:2    | Found a staircase to the Elven Halls.
 16949 | Orc:2    | Noticed an orc warlord
 16976 | Elf:1    | Entered Level 1 of the Elven Halls
 16977 | Elf:1    | Noticed a deep elf annihilator
 16979 | Elf:1    | Reached skill level 14 in Unarmed Combat
 16981 | Elf:1    | Killed from afar by a deep elf annihilator

Vault maps used:
D:1:      minmay_arrival_widening_spiral_wide
D:2:      lemuel_upstairs_altar, nicolae_ru_path_of_blood
D:3:      lemuel_coloured_pillars_altar, evilmike_ruin_ashenzari,
          minmay_rat_hole
D:4:      kennysheep_mini, serial_undead, serial_undead_f, serial_undead_d,
          serial_undead_e, serial_undead_d
D:5:      minmay_temple_entry_grid, first_ration
D:6:      grunt_temple_overflow_open, zin_academy, serial_shops, shop,
          cheibrodos_sewer_entry_bend
D:7:      lemuel_crystal_altar, trog_ov_bears_minmay, lemuel_doored_altar
D:8:      enter_bailey_2
D:9:      okawaru_humans, grunt_gozag_statues, orc_0_dummy, special_room,
          grunt_pizzeria
D:11:     lair_entry_dummy
D:12:     xom_confusion_cloud
D:13:     minmay_glassy_protrusions
D:14:     david_vaults_3, grunt_decor_cap, eino_curves_02, minmay_fountain_box,
          grunt_decor_mini_mirrors, amethyst_killhole
D:15:     hangedman_depths_entry_civil_slaughter, roderic_lattice_a
Temple:   compressed_dpeg_triangle_lava_temple
Orc:1:    serial_shops, nicolae_shop_behind_doors, basic_altar
Orc:2:    grunt_orc_gardens, grunt_orc_garden, grunt_orc_garden,
          grunt_orc_garden, grunt_orc_garden
Elf:1:    minmay_elf_arrival_circle, minmay_elf_crystal_heptagon, uniq_roxanne
Sewer:    sewer_minmay_treatment
Bailey:   bailey_polearm_1, bailey

Skill      XL: |  1  2  3  4  5  6  7  8  9 10 11 12 13 |
---------------+----------------------------------------+-----
Throwing       | 1 2 3 4 5 |  5.0
Unarmed Combat | 1 2 3 4 6 8 10 11 12 14 | 14.0
Poison Magic   | 4 5 6 |  6.0
Fighting       | 1 2 3 4 6 8 9 10 | 10.0
Invocations    | 3 6 7 9 |  9.0
Armour         | 4 7 8 10 | 10.0
Evocations     | 3 6 |  6.4
Dodging        | |  1.7
Stealth        | |  1.7
Spellcasting   | |  2.0
Conjurations   | |  1.0

Action                   |  1- 3 |  4- 6 |  7- 9 | 10-12 | 13-15 || total
-------------------------+-------+-------+-------+-------+-------++-------
Melee: Unarmed           |    61 |   185 |   255 |   461 |   155 ||  1117
       Kick              |       |    39 |    74 |   235 |   101 ||   449
       Punch             |       |     2 |    10 |    13 |     7 ||    32
       Headbutt          |       |       |    41 |   141 |    53 ||   235
Throw: Javelin           |    19 |       |       |       |    12 ||    31
       Tomahawk          |     5 |     7 |       |       |       ||    12
 Cast: Sting             |     9 |     3 |       |       |       ||    12
       Poisonous Vapours |     3 |    20 |    17 |       |       ||    40
       Mephitic Cloud    |       |     1 |     7 |     4 |       ||    12
Invok: Slouch            |       |       |       |     3 |     6 ||     9
       Temporal Distorti |       |       |       |       |     2 ||     2
Evoke: Phial of floods   |       |       |       |     1 |     1 ||     2
       Wand              |       |       |       |       |     1 ||     1
  Use: Scroll            |     4 |     4 |    13 |     7 |     3 ||    31
       Potion            |     1 |       |     2 |       |     2 ||     5
 Stab: Sleeping          |     1 |     4 |     5 |       |       ||    10
       Confused          |       |       |     1 |       |       ||     1
       Paralysed         |       |       |       |       |     2 ||     2
  Eat: Chunk             |       |    12 |     7 |    11 |     3 ||    33
       Ration            |       |       |     1 |     1 |     1 ||     3
Armor: Robe              |     8 |    22 |    30 |       |       ||    60
       Skin              |       |       |    25 |       |       ||    25
       Ring mail         |       |       |    15 |     3 |       ||    18
       Crystal plate arm |       |       |       |   485 |   198 ||   683
Dodge: Dodged            |    51 |   116 |   166 |   151 |    67 ||   551

Table legend:
 A = Spawn XP
 B = Non-spawn XP
 C = Spawn XP percentage of total XP
 D = Spawn monster count
 E = Non-spawn monster count
 F = Spawn count percentage of total count
 G = Total turns spent on level
                    A         B        C        D         E        F      G
               +---------+---------+-------+---------+---------+-------+---------
         Total |       0 |   64314 |   0.0 |       0 |     614 |   0.0 | 16981
               +---------+---------+-------+---------+---------+-------+---------
           D:1 |       0 |      49 |   0.0 |       0 |      24 |   0.0 |  1042
           D:2 |       0 |     120 |   0.0 |       0 |      29 |   0.0 |  1107
           D:3 |       0 |      67 |   0.0 |       0 |      31 |   0.0 |  1138
           D:4 |       0 |     346 |   0.0 |       0 |      32 |   0.0 |   595
           D:5 |       0 |     424 |   0.0 |       0 |      16 |   0.0 |   840
           D:6 |       0 |     842 |   0.0 |       0 |      27 |   0.0 |   637
           D:7 |       0 |    1964 |   0.0 |       0 |      38 |   0.0 |  1567
           D:8 |       0 |    2493 |   0.0 |       0 |      33 |   0.0 |   674
           D:9 |       0 |    3700 |   0.0 |       0 |      71 |   0.0 |   907
          D:10 |       0 |    4399 |   0.0 |       0 |      34 |   0.0 |   518
          D:11 |       0 |    5745 |   0.0 |       0 |      55 |   0.0 |  1142
          D:12 |       0 |    5810 |   0.0 |       0 |      37 |   0.0 |  1013
          D:13 |       0 |   10297 |   0.0 |       0 |      35 |   0.0 |  1435
          D:14 |       0 |    9923 |   0.0 |       0 |      31 |   0.0 |  1301
          D:15 |       0 |   12461 |   0.0 |       0 |      40 |   0.0 |  1471
         Orc:1 |       0 |      41 |   0.0 |       0 |       3 |   0.0 |    86
         Orc:2 |       0 |    1549 |   0.0 |       0 |       5 |   0.0 |    93
         Elf:1 |       0 |    1667 |   0.0 |       0 |       6 |   0.0 |     5
         Sewer |       0 |     180 |   0.0 |       0 |      48 |   0.0 |   404
        Bailey |       0 |    2237 |   0.0 |       0 |      19 |   0.0 |   981
               +---------+---------+-------+---------+---------+-------+---------
